 Dungeon Crawl Stone Soup version 0.30.1-4-g462c640d31 (webtiles) character file.

Game seed: 722603008477610575

74 boopmooplesden the Cudgeller (level 4, 0/60 HPs)
             Began as an Armataur Berserker on Aug 15, 2023.
             Was a Follower of Trog.
             Slain by an adder (2 damage)
             ... on level 2 of the Dungeon.
             The game lasted 00:01:32 (1005 turns).

boopmooplesden the Cudgeller (Armataur Berserker)   Turns: 1005, Time: 00:01:32

Health: 0/60       AC:  4    Str: 25    XL:     4   Next: 9%
Magic:  4/4        EV:  9    Int:  7    God:    Trog [*.....]
Gold:   29         SH:  0    Dex:  9    Spells: 3/3 levels left

rFire   . . .        k - +1 whip (elec)
rCold   . . .        (no shield)
rNeg    . . .        i - +0 leather armour
rPois   .            (no helmet)
rElec   .            (no cloak)
rCorr   .            (no gloves)
SInv    .            (no barding)
Will    .....        (no amulet) Stlth
                     (no ring)
HPRegen 0.30/turn    (no ring)
MPRegen 0.09/turn

%: roll
@: berserking, very quick
A: large, rugged brown scales 3, deformed body, armoured tail, roll, long
tongue, awkward tongue
a: Renounce Religion, Berserk


You were on level 2 of the Dungeon.
You worshipped Trog.
Trog was aware of your devotion.
You visited 1 branch of the dungeon, and saw 2 of its levels.

You collected 29 gold pieces.

Inventory:

Hand Weapons
 a - a +0 mace
 k - a +1 whip of electrocution (weapon)
Armour
 b - a +0 animal skin
 i - a +0 leather armour (worn)
 j - a +0 chain mail
Jewellery
 c - a ring of protection from cold
Scrolls
 f - a scroll of poison {unknown}
 l - a scroll of butterflies {unknown}
Potions
 d - a potion of ambrosia
 e - a potion of heal wounds {unknown}
 g - a potion of invisibility {unknown}
 h - a potion of haste {unknown}


   Skills:
 + Level 3.3 Fighting
 + Level 3.5 Maces & Flails
 + Level 2.8 Armour
 + Level 1.6 Dodging
 + Level 0.9 Stealth


You had 3 spell levels left.
You didn't know any spells.
Your spell library was empty.

Dungeon Overview and Level Annotations

Branches:
Dungeon (2/15)

Altars:


Innate Abilities, Weirdness & Mutations

You are completely covered in rugged brown scales. (AC +3, +7% HP)
Armour fits poorly on your strangely shaped body.
You have a long armoured tail.
You roll when moving toward enemies. (Rampage)
Your long tongue fully drains potion bottles. (2x potion effects)
Your tongue gives you trouble enunciating. (1.5x scroll delay)


Message History

Jessica points at you and mumbles some strange words.
You barely resist.
The giant cockroach bites you but does no damage.
The adder closely misses you.
You hit Jessica.
Jessica is heavily wounded.
Jessica very coldly says, "I hate your company."
Jessica hits you with a +0 club.
The giant cockroach bites you but does no damage.
An endoplasm comes into view.
The hobgoblin completely misses you. The adder bites you.
Jessica hits you with a +0 club.
A red film seems to cover your vision as you go berserk!
You feel yourself moving faster!
You feel mighty!
The endoplasm quivers.
The giant cockroach bites you.
The hobgoblin hits you but does no damage.
Jessica hits you with a +0 club. The adder closely misses you.
The giant cockroach bites you.
You closely miss Jessica.
Jessica is heavily wounded.
Jessica casts a spell at you. Pain shoots through your body!
* * * LOW HITPOINT WARNING * * *
The adder bites you.
* * * LOW HITPOINT WARNING * * *
The hobgoblin closely misses you.
You hit Jessica.
You feel the power of Trog in you as your rage grows.
You kill Jessica!
Trog accepts your kill.
Trog appreciates your killing of a magic user.
The giant cockroach bites you but does no damage.
The adder bites you but does no damage. The hobgoblin barely misses you.
You have reached level 4!
You feel stronger.
You completely miss the adder.
The giant cockroach bites you but does no damage.
The adder bites you.
You die... #.### #...# #.# #...# #.# #...# #.# +...+ #.# #...# #.# #...# #.# #.†.# #.# #...# . #.# #B@)# .# #.# #gSg#

.# #.#
#...# .#
#.# J...'
.####.#
.#...#.
.#....#
.##...##.
...####
.# #...#
#. ..>#
## #...#
## .####


You could see an adder, an endoplasm, a giant cockroach, a hobgoblin and a
goblin.

Vanquished Creatures
  Jessica (D:2)
  2 adders (D:2)
  A dart slug (D:2)
  5 bats
  5 endoplasms
  A giant cockroach (D:1)
  A hobgoblin (D:1)
  4 quokkas
  3 ball pythons
  A frilled lizard (D:1)
  A goblin (D:1)
  2 kobolds (D:1)
  2 rats
29 creatures vanquished.

Notes
Turn   | Place    | Note
-------+----------+-------------------------------------------
     0 | D:1      | boopmooplesden the Armataur Berserker began the quest for
                  | the Orb.
     0 | D:1      | Reached XP level 1. HP: 19/19 MP: 1/1
   105 | D:1      | Reached XP level 2. HP: 17/26 MP: 2/2
   259 | D:1      | Found a faded altar of an unknown god.
   799 | D:2      | Reached XP level 3. HP: 33/33 MP: 3/3
   986 | D:2      | Noticed Jessica
  1003 | D:2      | HP: 1/49 [adder (4)]
  1004 | D:2      | Killed Jessica
  1005 | D:2      | Reached XP level 4. HP: 2/40 MP: 4/4
  1005 | D:2      | Slain by an adder

Illustrated notes

Levels and vault maps discovered:
D:1:      eino_arrival_cavern_c, layout_basic,
          shapermc_ecumenical_altar_notcrosses, serial_rivers,
          chequers_serial_rivers_room_a, chequers_serial_rivers_micro_d,
          chequers_serial_rivers_micro_a, chequers_serial_rivers_micro_e
D:2:      kennysheep_six_static_rooms, layout_basic, palyth_stone_intersect,
          mrwooster_statue_mirror, uniq_jessica, uniq_natasha

Skill      XL: |  1  2 |
---------------+-------+-----
Maces & Flails | 3 |  3.5
Fighting       | 3 |  3.3
Armour         | |  2.8
Dodging        | |  1.6
Stealth        | |  0.9

Action                     |  1- 3 |  4- 6 || total
---------------------------+-------+-------++-------
  Melee: Mace              |    39 |       ||    39
         Tailslap          |     5 |       ||     5
         Whip              |    27 |     1 ||    28
 Invoke: Berserk           |     1 |       ||     1
    Use: Scroll            |     3 |       ||     3
   Stab: Sleeping          |     1 |       ||     1
 Armour: Animal skin       |    30 |       ||    30
         Leather armour    |    16 |     1 ||    17
  Dodge: Dodged            |    48 |       ||    48
